 Dungeon Crawl Stone Soup version 0.22-a0-247-gbddf880 (webtiles) character file.

2 Amnesiac the Charlatan (level 1, 0/16 HPs)
             Began as a Deep Dwarf Artificer on Feb 26, 2018.
             Slain by a hobgoblin
             ... wielding a cursed -1 club
              (4 damage)
             ... on level 1 of the Dungeon.
             The game lasted 00:00:32 (126 turns).

Amnesiac the Charlatan (Deep Dwarf Artificer)        Turns: 126, Time: 00:00:33

Health: 0/16       AC:  3    Str: 15    XL:     1   Next: 33%
Magic:  3/3        EV: 12    Int: 11    God:
Gold:   17         SH:  0    Dex: 13    Spells: 0/0 levels left

rFire    . . .     SeeInvis .   a - +0 short sword
rCold    . . .     Gourm    .   (no shield)
rNeg     . . .     Faith    .   b - +0 leather armour
rPois    .         Spirit   .   (no helmet)
rElec    .         Reflect  .   (no cloak)
rCorr    .         Harm     .   (no gloves)
MR       .....                  (no boots)
Stlth    +.........             (no amulet)
HPRegen  0.00/turn              (no ring)
MPRegen  0.08/turn              (no ring)

@: non-regenerating
A: damage resistance, heal wounds, sense surroundings 1, no regeneration
a: Heal Wounds


You were on level 1 of the Dungeon.
You were not hungry.

You visited 1 branch of the dungeon, and saw 1 of its levels.

You collected 17 gold pieces.

Inventory:

Hand Weapons
 a - a +0 short sword (weapon)
Missiles
 g - 4 stones (quivered)
Armour
 b - a +0 leather armour (worn)
Wands
 c - a wand of flame (15)
 d - a wand of enslavement (15)
 e - a wand of random effects (15)
Comestibles
 f - a ration


   Skills:
 - Level 0.8 Fighting
 - Level 0.8 Short Blades
 - Level 2.1 Dodging
 - Level 1.2 Stealth
 + Level 4.2 Evocations


You couldn't memorise any spells.
You didn't know any spells.

Dungeon Overview and Level Annotations

Branches:
Dungeon (1/15)

Altars:


Innate Abilities, Weirdness & Mutations

You are resistant to damage.
You can heal yourself by infusing magical energy.
You passively map a small area around you.
You do not regenerate.


Message History

As you open the door, it creaks loudly!
There is an open door here.
There is an open door here.
You open the door. You open the door.
There is an open door here.
You now have 11 gold pieces.
A kobold comes into view. It is wielding a short sword.
The kobold shouts!
The kobold throws a stone.
The stone barely misses you.
You see here a stone.
g - a stone The kobold throws a stone.
The stone barely misses you.
The kobold throws a stone.
The stone closely misses you. The kobold closely misses you.
You barely miss the kobold. The kobold barely misses you.
You closely miss the kobold. The kobold closely misses you.
The kobold barely misses you.
You hit the kobold but do no damage. The kobold hits you with a short sword.
You hit the kobold but do no damage. The kobold hits you but does no damage.
You hit the kobold.
You kill the kobold!
g - 2 stones (gained 1)
You see here a short sword.
g - 3 stones (gained 1)
g - 4 stones (gained 1) 2 hobgoblins come into view.
The hobgoblin shouts!
A hobgoblin comes into view. It is wielding a club.
The hobgoblin shouts!
The hobgoblin hits you but does no damage.
Found 6 gold pieces.
Found a stone staircase leading down.
The hobgoblin hits you with a club.
You see here 6 gold pieces.
You now have 17 gold pieces (gained 6).
The hobgoblin barely misses you.
You hit the hobgoblin but do no damage. The hobgoblin barely misses you.
You hit the hobgoblin.
The hobgoblin is moderately wounded.
The hobgoblin closely misses you.
You barely miss the hobgoblin.
The hobgoblin is moderately wounded.
The hobgoblin closely misses you.
You barely miss the hobgoblin.
The hobgoblin is moderately wounded.
The hobgoblin barely misses you.
You hit the hobgoblin.
The hobgoblin is severely wounded.
The hobgoblin barely misses you.
You hit the hobgoblin but do no damage.
The hobgoblin is severely wounded.
You hit the hobgoblin.
You kill the hobgoblin!
You hit the hobgoblin but do no damage. The hobgoblin closely misses you.
You hit the hobgoblin but do no damage. The hobgoblin hits you with a club.
* * * LOW HITPOINT WARNING * * *
You closely miss the hobgoblin. The hobgoblin hits you with a club.
* * * LOW HITPOINT WARNING * * *
You hit the hobgoblin.
The hobgoblin is moderately wounded.
The hobgoblin barely misses you.
You hit the hobgoblin.
The hobgoblin is severely wounded.
The hobgoblin hits you with a club.
You die...

#.### #.# ####.###..
### #######* ##
#....# #.. **
......#.# .#
#.##.###.. * ,,
>...#.#.# .#
#.##...... * >
........# .#
#.#######.
,........#*.# #.# #)
,........# .# ##.##
#. ,* ........##.#
#...# #. ,
........g@.# #...#
#. *
...###.########...#
#. * * *
#.#####...###.......
#.......##.#,#######
#.#######*#.#* #.#
.# * #.# * # ..# *
*, , ... , ,


You could see a hobgoblin.

Vanquished Creatures
  A hobgoblin (D:1)
  A kobold (D:1)
2 creatures vanquished.

Notes
Turn   | Place    | Note
-------+----------+-------------------------------------------
     0 | D:1      | Amnesiac the Deep Dwarf Artificer began the quest for the Orb.
     0 | D:1      | Reached XP level 1. HP: 16/16 MP: 3/3
   126 | D:1      | Slain by a hobgoblin

Vault maps used:
D:1:      dpeg_arrival_radiant

Action                   || total
-------------------------++-------
Melee: Short sword       ||    17
Armor: Leather armour    ||     2
Dodge: Dodged            ||    15

Table legend:
 A = Spawn XP
 B = Non-spawn XP
 C = Spawn XP percentage of total XP
 D = Spawn monster count
 E = Non-spawn monster count
 F = Spawn count percentage of total count
 G = Total turns spent on level
                    A         B        C        D         E        F      G
               +---------+---------+-------+---------+---------+-------+---------
         Total |       0 |       4 |   0.0 |       0 |       2 |   0.0 |   126
               +---------+---------+-------+---------+---------+-------+---------
           D:1 |       0 |       4 |   0.0 |       0 |       2 |   0.0 |   126
               +---------+---------+-------+---------+---------+-------+---------
